 Dungeon Crawl Stone Soup version 0.32-a0-22-g6ae6769602 (webtiles) character file.

Game seed: 9461160768585944964

178094 jasper the Warrior (level 17, -23/142 HPs)
             Began as a Demonspawn Cinder Acolyte on Jan 18, 2024.
             Was a High Priest of Okawaru.
             Annihilated by Livid's ghost (29 damage)
             ... on level 2 of the Spider Nest.
             The game lasted 01:09:46 (27995 turns).

jasper the Warrior (Demonspawn Cinder Acolyte)     Turns: 27995, Time: 01:09:47

Health: -23/142    AC: 43    Str: 25    XL:     17   Next: 56%
Magic:  23/23      EV: 11    Int: 26    God:    Okawaru [*****.]
Gold:   2841       SH: 20    Dex:  7    Spells: 8/18 levels left

rFire   + + .        S - +4 trident of Kismet {flame, +Blink rElec}
rCold   + + .        j - +1 tower shield {AC+3}
rNeg    + + +        R - +14 plate armour of Parlour Games {+Inv rF++ Dex-3}
rPois   +            (helmet unavailable)
rElec   +            r - +0 cloak "Kyigh" {rElec rF+ rCorr Str+5 Stlth+}
rCorr   +            b - +2 pair of gloves of Mumblety Peg {rF- rN+++ SInv Stlth+}
SInv    +            (no boots)
Will    +++..        M - amulet of Cowardice {Regen+ Str+2} Stlth
                     n - ring of Uskayaw's Displeasure {rC+ Will+ Int+2 Dex+2}
HPRegen 1.23/turn    N - ring of Valutoc {rPois rC+ Will+ EV+5}
MPRegen 0.18/turn

%: clarity
@: mighty, studying Polearms
A: antennae 3, icemail 1, powered by pain 2, big brain 2, condensation shield,
clarity, clever 1, weak 1
a: Renounce Religion, Evoke Blink, Evoke Invisibility, Heroism, Finesse, Duel


You were on level 2 of the Spider Nest.
You worshipped Okawaru.
Okawaru was extremely pleased with you.
You visited 5 branches of the dungeon, and saw 25 of its levels.
You also visited: Sewer, Bailey and Gauntlet.

You collected 3681 gold pieces.
You spent 840 gold pieces at shops.

Inventory:

Hand Weapons
 S - the +4 trident of Kismet (weapon) {flame, +Blink rElec}
   (You bought it in a shop on level 2 of the Orcish Mines)

   rElec:     It insulates you from electricity.
   +Blink:    It lets you blink.
Missiles
 e - 10 silver javelins
 C - 18 boomerangs (quivered)
 F - 5 curare-tipped darts
Armour
 b - the +2 pair of gloves of Mumblety Peg (worn) {rF- rN+++ SInv Stlth+}
   (You found it in a Gauntlet)

   rF-:       It makes you vulnerable to fire.
   rN+++:     It renders you almost immune to negative energy.
   SInv:      It lets you see invisible.
   Stlth+:    It makes you more stealthy.
 j - a +1 tower shield of protection (worn)
 r - the +0 cloak "Kyigh" (worn) {rElec rF+ rCorr Str+5 Stlth+}
   (You acquired it on level 13 of the Dungeon)

   Str+5:     It affects your strength (+5).
   rF+:       It protects you from fire.
   rElec:     It insulates you from electricity.
   rCorr:     It protects you from acid and corrosion.
   Stlth+:    It makes you more stealthy.
 R - the +14 plate armour of Parlour Games (worn) {+Inv rF++ Dex-3}
   (You found it on level 9 of the Dungeon)

   Dex-3:     It affects your dexterity (-3).
   rF++:      It greatly protects you from fire.
   +Inv:      It lets you turn invisible.
Jewellery
 n - the ring of Uskayaw's Displeasure (left hand) {rC+ Will+ Int+2 Dex+2}
   (You acquired it on level 13 of the Dungeon)

   [ring of protection from cold]

   Int+2:     It affects your intelligence (+2).
   Dex+2:     It affects your dexterity (+2).
   rC+:       It protects you from cold.
   Will+:     It increases your willpower.
 t - a ring of willpower
 w - an amulet of faith
 L - a +6 ring of intelligence
 M - the amulet of Cowardice (around neck) {Regen+ Str+2}
   (You acquired it on level 8 of the Dungeon)

   [amulet of regeneration]

   Str+2:     It affects your strength (+2).
   Regen+:    It increases your rate of health regeneration.
 N - the ring of Valutoc (right hand) {rPois rC+ Will+ EV+5}
   (You acquired it on level 8 of the Dungeon)

   [ring of evasion]

   EV+5:      It affects your evasion (+5).
   rC+:       It protects you from cold.
   rPois:     It protects you from poison Will+: It increases your willpower.
Wands
 s - a wand of iceblast (16)
 x - a wand of light (12)
 y - a wand of flame (52)
 B - a wand of mindburst (37)
 J - a wand of polymorph (11)
 X - a wand of paralysis (5)
 Y - a wand of digging (11)
Scrolls
 c - 5 scrolls of fear
 d - a scroll of torment
 k - 3 scrolls of blinking
 q - 4 scrolls of poison
 u - 2 scrolls of fog
 A - 4 scrolls of teleportation
 E - 2 scrolls of vulnerability
 K - 2 scrolls of revelation
 P - a scroll of brand weapon
 Q - 3 scrolls of enchant weapon
 T - a scroll of immolation
 V - 2 scrolls of amnesia
Potions
 a - 4 potions of enlightenment
 f - 2 potions of invisibility
 g - a potion of cancellation
 i - 6 potions of brilliance
 l - 2 potions of lignification
 m - 7 potions of curing
 p - 5 potions of attraction
 v - 4 potions of haste
 z - 3 potions of ambrosia
 D - 9 potions of might
 G - 2 potions of magic
 O - 3 potions of mutation
 U - 2 potions of resistance
Miscellaneous
 h - a phantom mirror
 H - a phial of floods
 I - a condenser vane
 Z - a lightning rod (4/4)


   Skills:
 - Level 15.2 Fighting
 - Level 14.0 Polearms
 - Level 15.0 Armour
 + Level 12.8 Shields
 - Level 1.0 Spellcasting
 - Level 2.6 Fire Magic
 - Level 8.1 Invocations
 - Level 10.0 Evocations


You had 8 spell levels left.
You knew the following spells:

 Your Spells              Type           Power      Damage    Failure   Level
a - Apportation           Tloc           2%         N/A       93%         1
b - Manifold Assault      Tloc           1%         N/A       100%        4
c - Swiftness             Air            1%         N/A       100%        3
d - Blink                 Tloc           2%         N/A       98%         2

Your spell library contained the following spells:

 Spells                   Type           Power      Damage    Failure   Level
 Scorch                   Fire           30%        2d6       75%         2
 Magic Dart               Conj           4%         1d3       93%         1
 Necrotise                Necr           4%         1d4       93%         1
 Shock                    Conj/Air       4%         1d3       93%         1
 Sting                    Conj/Alch      4%         1d3       93%         1
 Ensorcelled Hibernation  Hex/Ice        2%         N/A       98%         2
 Lesser Beckoning         Tloc           2%         N/A       98%         2
 Momentum Strike          Conj/Tloc      2%         3d8       98%         2
 Searing Ray              Conj           2%         2d4       98%         2
 Sublimation of Blood     Necr           1%         N/A       98%         2
 Inner Flame              Hex/Fire       8%         N/A       99%         3
 Fugue of the Fallen      Necr           1%         N/A       100%        3
 Gell's Gravitas          Tloc           1%         N/A       100%        3
 Ozocubu's Armour         Ice            1%         N/A       100%        3
 Teleport Other           Tloc           1%         N/A       100%        3
 Airstrike                Air            0%         2d(1-17)  100%        4
 Anguish                  Hex/Necr       0%         N/A       100%        4
 Cause Fear               Hex            0%         N/A       100%        4
 Fulminant Prism          Conj/Alch      0%         3d5       100%        4
 Passage of Golubria      Tloc           1%         N/A       100%        4
 Fireball                 Conj/Fire      4%         3d4       100%        5
 Lee's Rapid Deconstruct  Erth           0%         3d4*      100%        5
 Yara's Violent Unravell  Hex/Alch       0%         3d3       100%        5
 Dispersal                Tloc           0%         N/A       100%        6
 Enfeeble                 Hex            0%         N/A       100%        7
 Disjunction              Tloc           0%         N/A       100%        8
 Summon Small Mammal      Summ           Unusable   N/A       N/A         1
 Call Imp                 Summ           Unusable   N/A       N/A         2
 Tukima's Dance           Hex            Unusable   N/A       N/A         3
 Animate Armour           Summ/Erth      Unusable   N/A       N/A         4
 Summon Lightning Spire   Summ/Air       Unusable   N/A       N/A         4
 Summon Forest            Summ/Tloc      Unusable   N/A       N/A         5
 Malign Gateway           Summ/Tloc      Unusable   N/A       N/A         7
 Summon Hydra             Summ           Unusable   N/A       N/A         7
 Dragon's Call            Summ           Unusable   N/A       N/A         9

Dungeon Overview and Level Annotations

Branches:
Dungeon (15/15)            Temple (1/1) D:6            Lair (5/5) D:8
 Shoals (0/4) Lair:2       Spider (2/4) Lair:2        Slime (0/5) Lair:5
    Orc (2/2) D:10            Elf (0/3) Orc:2        Vaults (0/5) D:14
 Depths (0/4) D:15          Sewer (visited)          Bailey (visited)
Gauntlet (visited)

Altars:
Ashenzari
Cheibriados
Dithmenos
Fedhas
Gozag
Hepliaklqana
Kikubaaqudgha
Makhleb
Nemelex Xobeh
Okawaru
Qazlal
Ru
Sif Muna
Trog
Uskayaw
Vehumet
Wu Jian
Xom
Yredelemnul

Shops:
D:5 :**   D:11 (   D:15 *   Orc:2 *[[((

Annotations:
D:7 3 runed translucent doors, DeathSocks's ghost, weakling VSDe
D:9 2 transporters, tinfoiltophat's ghost, journeyman DjFE
Lair:2 exclusion: oklob plant
Spider:2 Livid's ghost, journeyman FeSh


Innate Abilities, Weirdness & Mutations

You have a pair of large antennae on your head. (SInv)
A meltable icy envelope protects you from harm. (AC +4)
You sometimes gain power by taking damage.
You have an extremely huge brain. (Int +4)
A meltable shield of frost defends you. (SH +4)
You possess an exceptional clarity of mind.
Your mind is acute. (Int +4, Str/Dex -1)
You are weak. (Str -2)


Message History

Livid's ghost hits you but does no damage.
You completely miss Livid's ghost.
Livid's ghost is heavily damaged.
You completely miss Livid's ghost.
Livid's ghost is heavily damaged.
Livid's ghost hits you!
You take 15 damage, and have 53/142 hp.
You miss Livid's ghost.
Livid's ghost is heavily damaged.
Livid's ghost hits you but does no damage.
You completely miss Livid's ghost.
Livid's ghost is heavily damaged.
Livid's ghost hits you!
* * * LOW HITPOINT WARNING * * *
You closely miss Livid's ghost.
Livid's ghost is heavily damaged.
Livid's ghost hits you!
* * * LOW HITPOINT WARNING * * *
You completely miss Livid's ghost.
Livid's ghost is heavily damaged.
You barely miss Livid's ghost.
Livid's ghost is heavily damaged.
Livid's ghost hits you but does no damage.
You completely miss Livid's ghost.
Livid's ghost is heavily damaged.
You block Livid's ghost's attack.
You take 23 damage, and have 31/142 hp.
You completely miss Livid's ghost.
Livid's ghost is heavily damaged.
You completely miss Livid's ghost.
Livid's ghost is heavily damaged.
Your icy envelope is restored.
Livid's ghost hits you!!
* * * LOW HITPOINT WARNING * * *
You focus on the pain.
You feel very mighty all of a sudden.
You completely miss Livid's ghost.
Livid's ghost is heavily damaged.
Livid's ghost hits you!!
You die...

#...'.....8 ##.#..#.
#...'...... ##.....
#...#.....[ ###≈..#.
#...#....8# #≈###^..
#§###P⌠P!## #≈~...#.
#○# ##### #≈≈...#.
#.# ##~#..#. #.###
### #...... #.W@###
##≈####.....
###^.^###..#.^#.^#..
###............#..
##~~.....#....^.
##≈.............
##.~#.#.#.#......
#..###...........
##....#.......^#.#
#.......##........


You could see Livid's ghost.

Vanquished Creatures
  Saint Roka (Orc:2)
  Frances (D:14)
  Gastronok (D:8)
  Agnes (D:15)
  The ghost of jasper the Fighter, an adept AtAl of Cheibriados (Spider:2)
  The ghost of sokol815 the Warrior, an adept OpGl of Gozag (Spider:2)
  2 emperor scorpions
  Louise (D:14)
  Nessos (Lair:5)
  Azrael (D:13)
  A minotaur (Gauntlet)
  2 spark wasps (Spider:1)
  A dire elephant (D:15)
  An ettin (Orc:2)
  Josephine (D:11)
  A fire dragon (D:15)
  An entropy weaver (Spider:1)
  8 slime creatures
  2 vault guards (D:14)
  4 hydras
  Erica (D:8)
  5 two-headed ogres
  6 boulder beetles
  6 centaur warriors
  A catoblepas (Lair:1)
  A death knight (D:15)
  11 death yaks
  A soul eater (Gauntlet)
  4 demonic crawlers
  An orc high priest (Orc:2)
  An occultist (D:15)
  Sonja (Lair:5)
  Nergalle (Orc:1)
  A pharaoh ant (Spider:2)
  2 skysharks
  5 orb spiders
  2 arcanists (D:14)
  3 lindwurms (Lair:5)
  2 necromancers (D:14)
  4 deep elf pyromancers
  3 orc knights
  14 wolf spiders
  A salamander (D:15)
  Maurice (Orc:1)
  6 ugly things
  2 cyclopes
  4 moths of wrath
  17 elephants
  2 manticores (D:14)
  4 black mambas
  A rust devil (Gauntlet)
  8 kobold blastminers
  An unseen horror (D:12)
  13 cane toads
  2 large abominations (Gauntlet)
  A gargoyle (D:14)
  11 komodo dragons
  7 torpor snails
  3 rime drakes
  A komodo dragon (shapeshifter) (D:13)
  A yaktaur (D:14)
  5 polar bears
  3 merfolk (Lair:2)
  7 trolls
  16 tarantellas
  A hornet (D:7)
  Prince Ribbit (D:6)
  26 blink frogs
  8 dream sheep
  11 jumping spiders
  A ynoxinul (Gauntlet)
  15 culicivoras
  Eustachio (D:6)
  4 wyverns
  85 yaks
  A spriggan (shapeshifter) (D:14)
  19 fire elementals
  5 wraiths
  18 humans (D:14)
  4 wargs
  30 redbacks
  8 basilisks
  7 vampire mosquitoes
  3 acid dragons
  A hell hound (D:13)
  18 water moccasins
  34 orc warriors
  4 black bears
  2 ice beasts
  10 ogres
  An ogre (shapeshifter) (D:13)
  3 boggarts (D:14)
  A wolf (Lair:5)
  11 centaurs
  2 phantoms
  3 kobold brigands
  3 necrophages (D:4)
  A gnoll sergeant (D:9)
  18 bullfrogs
  A scorpion (D:8)
  3 small abominations (Gauntlet)
  8 wights
  3 killer bees (D:8)
  A vampire bat (D:9)
  A bombardier beetle (D:6)
  4 electric eels
  2 bullfrog zombies (D:5)
  3 iron imps (Gauntlet)
  5 hounds
  A jelly (shapeshifter) (D:14)
  A jelly (D:5)
  24 orc priests
  Crazy Yiuf (D:7)
  2 scorpion zombies (D:5)
  5 hell rats (Lair:2)
  2 iguanas
  23 orc wizards
  2 sleepcaps (D:5)
  3 hound zombies
  17 gnolls
  16 adders
  4 shadow imps (Gauntlet)
  3 white imps
  4 adder zombies
  15 dart slugs
  3 ribbon worms
  112 orcs
  13 bats
  A bat skeleton (D:9)
  5 bat zombies (D:9)
  23 endoplasms
  18 giant cockroaches
  11 goblins
  2 hobgoblins
  3 quokkas
  18 ball pythons
  8 frilled lizards
  19 kobolds
  7 rats
983 creatures vanquished.

Vanquished Creatures (others)
  A tarantella (Spider:1)
  A basilisk (D:12)
  An orc wizard (D:6)
3 creatures vanquished.

Grand Total: 986 creatures vanquished

Notes
Turn   | Place    | Note
-------+----------+-------------------------------------------
     0 | D:1      | jasper the Demonspawn Cinder Acolyte began the quest for
                  | the Orb.
     0 | D:1      | Reached XP level 1. HP: 18/18 MP: 2/2
   262 | D:1      | Gained mutation: You have a pair of small antennae on your
                  | head. [demonic ancestry]
   262 | D:1      | Reached XP level 2. HP: 24/24 MP: 3/3
   265 | D:1      | Learned a level 2 spell: Scorch
   928 | D:2      | Gained mutation: You have an unusually large brain. (Int
                  | +2) [demonic ancestry]
   928 | D:2      | Reached XP level 3. HP: 29/29 MP: 4/4
  1488 | D:3      | Found a glowing drain.
  1521 | D:3      | Gained mutation: You sometimes gain a little power by
                  | taking damage. [demonic ancestry]
  1521 | D:3      | Reached XP level 4. HP: 29/35 MP: 5/5
  1531 | Sewer    | Entered a sewer
  1762 | Sewer    | Reached skill level 5 in Polearms
  2005 | Sewer    | Reached XP level 5. HP: 18/41 MP: 6/6
  2493 | Sewer    | Gained mutation: A meltable shield of frost defends you.
                  | (SH +4) [demonic ancestry]
  2493 | Sewer    | Reached XP level 6. HP: 41/47 MP: 7/7
  3261 | D:3      | Found a faded altar of an unknown god.
  3750 | D:4      | Reached XP level 7. HP: 31/52 MP: 8/8
  3980 | D:4      | Found a blossoming altar of Fedhas.
  4272 | D:4      | Found a sparkling altar of Nemelex Xobeh.
  4438 | D:5      | Entered Level 5 of the Dungeon
  4606 | D:5      | Gained mutation: A meltable icy envelope protects you from
                  | harm. (AC +4) [demonic ancestry]
  4606 | D:5      | Reached XP level 8. HP: 32/58 MP: 9/9
  4871 | D:5      | Found a basalt altar of Yredelemnul.
  5014 | D:5      | Found Jetong's Book Shop.
  5015 | D:5      | Found Kacs's General Store.
  5016 | D:5      | Found Roluduur's General Store.
  5056 | D:5      | Reached skill level 10 in Polearms
  5129 | D:5      | Bought a scroll of teleportation for 33 gold pieces
  5439 | D:6      | Noticed Prince Ribbit
  5457 | D:6      | Killed Prince Ribbit
  5458 | D:6      | Reached skill level 1 in Armour
  5490 | D:6      | Noticed Eustachio
  5538 | D:6      | Killed Eustachio
  5708 | D:6      | Gained mutation: You have a pair of antennae on your head.
                  | [demonic ancestry]
  5708 | D:6      | Reached XP level 9. HP: 65/65 MP: 10/10
  5792 | D:6      | Found a hazy altar of Hepliaklqana.
  5852 | D:6      | Found a snail-covered altar of Cheibriados.
  5992 | D:6      | Found a staircase to the Ecumenical Temple.
  6496 | D:7      | Found a runed translucent gate.
  6497 | D:7      | Found a runed translucent gate.
  6528 | D:7      | Found a runed translucent gate.
  6530 | D:7      | Noticed DeathSocks's ghost (weakling VSDe)
  6735 | D:7      | Found a burning altar of Makhleb.
  6884 | D:7      | Reached skill level 5 in Fighting
  6999 | D:7      | Found a runed translucent door.
  7000 | D:7      | Noticed Crazy Yiuf
  7006 | D:7      | Killed Crazy Yiuf
  7541 | D:8      | Noticed Erica
  7553 | D:8      | Killed Erica
  7564 | D:8      | Identified 3 scrolls of acquirement
  7564 | D:8      | Acquired a manual of Polearms
  7566 | D:8      | Acquired the ring of Valutoc {rPois rC+ Will+ EV+5}
  7570 | D:8      | Acquired the amulet of Cowardice {Regen+ Str+2}
  7596 | D:8      | Reached XP level 10. HP: 65/76 MP: 11/11
  7638 | D:8      | Noticed a brown ugly thing
  7654 | D:8      | Killed a brown ugly thing
  7778 | D:8      | Found a staircase to the Lair.
  7965 | D:8      | Found a shimmering altar of Xom.
  8122 | D:8      | Reached skill level 5 in Armour
  8323 | D:9      | Noticed Gastronok
  8323 | D:9      | Noticed a two-headed ogre
  8337 | D:8      | Killed Gastronok
  8399 | D:9      | Identified the +14 plate armour of Parlour Games {+Inv rF++
                  | Dex-3}
  8536 | D:9      | Found a transporter.
  8547 | D:9      | Identified the +6 dire flail "Erimy" {speed, Str+5}
  8547 | D:9      | Noticed a two-headed ogre
  8547 | D:9      | Noticed tinfoiltophat's ghost (journeyman DjFE)
  8549 | D:9      | Noticed a two-headed ogre
  8600 | D:8      | Reached XP level 11. HP: 52/85 MP: 12/12
  8668 | D:8      | Reached skill level 1 in Evocations
  8677 | D:8      | Killed a two-headed ogre
  8733 | D:9      | Noticed a two-headed ogre
  8743 | D:9      | You fall into a shaft and drop 3 floors!
  8755 | D:12     | Noticed a two-headed ogre
  8763 | D:12     | Killed a two-headed ogre
  8781 | D:12     | Noticed a deep elf pyromancer
  8861 | D:12     | Killed a deep elf pyromancer
  8970 | D:11     | Noticed Josephine
  8990 | D:10     | Entered Level 10 of the Dungeon
  9037 | D:10     | Found a hide-covered altar of Uskayaw.
  9050 | D:10     | Found a flagged portal.
  9074 | Bailey   | Entered a bailey
  9233 | Bailey   | Noticed an orc knight
  9250 | Bailey   | Killed an orc knight
  9670 | D:10     | Found a staircase to the Orcish Mines.
  9939 | D:10     | Reached skill level 10 in Fighting
 10246 | D:9      | Found a radiant altar of Vehumet.
 10281 | D:9      | Found a transporter.
 10477 | D:9      | Found an ancient bone altar of Kikubaaqudgha.
 10688 | Lair:1   | Entered Level 1 of the Lair of Beasts
 10745 | D:8      | Gained mutation: You sometimes gain power by taking damage.
                  | [demonic ancestry]
 10745 | D:8      | Reached XP level 12. HP: 55/98 MP: 13/13
 10797 | D:8      | Reached skill level 5 in Evocations
 10899 | Lair:1   | Noticed a catoblepas
 10916 | Lair:1   | Killed a catoblepas
 12205 | Lair:2   | Found a hole to the Spider Nest.
 12324 | Lair:2   | Noticed a boulder beetle
 12371 | Lair:2   | Killed a boulder beetle
 12455 | Lair:2   | Identified the +0 robe of Moeddoiq {-Cast Fly rN+ SInv}
 12545 | Lair:2   | Found a staircase to the Shoals.
 12991 | Lair:3   | Noticed a death yak
 12991 | Lair:3   | Noticed a death yak
 12992 | Lair:3   | Noticed a death yak
 13006 | Lair:2   | Reached XP level 13. HP: 109/109 MP: 14/14
 13883 | Lair:3   | Reached skill level 10 in Armour
 15136 | Orc:1    | Entered Level 1 of the Orcish Mines
 15364 | Orc:1    | Noticed Nergalle
 15374 | Orc:1    | Killed Nergalle
 15375 | Orc:1    | Gained mutation: You have a pair of large antennae on your
                  | head. (SInv) [demonic ancestry]
 15375 | Orc:1    | Reached XP level 14. HP: 118/121 MP: 15/15
 15456 | Orc:1    | Noticed Maurice
 15475 | Orc:1    | Killed Maurice
 15657 | Orc:2    | Entered Level 2 of the Orcish Mines
 15761 | Orc:2    | Reached skill level 15 in Fighting
 15807 | Orc:2    | Found a gate leading to a gauntlet.
 15814 | Gauntlet | Entered a Gauntlet
 15814 | Gauntlet | Found a transporter.
 15814 | Gauntlet | Found a transporter.
 15814 | Gauntlet | Found a transporter.
 15815 | Gauntlet | Found a transporter.
 15816 | Gauntlet | Found a transporter.
 15819 | Gauntlet | Found a transporter.
 15825 | Gauntlet | Found a transporter.
 15827 | Gauntlet | Found a transporter.
 15828 | Gauntlet | Found a transporter.
 15831 | Gauntlet | Found a transporter.
 15838 | Gauntlet | Found a transporter.
 15839 | Gauntlet | Found a transporter.
 16126 | Gauntlet | Identified the +2 pair of gloves of Mumblety Peg {rF- rN+++
                  | SInv Stlth+}
 16169 | Gauntlet | Identified the +4 flail "Weyh Kou" {venom, ^Drain Str+8
                  | Stlth+}
 16189 | Gauntlet | Got the Catalogue of the Compass
 16334 | Orc:2    | Found a staircase to the Elven Halls.
 16416 | Orc:2    | Found Xucluaj's Antique Weapon Shoppe.
 16567 | Orc:2    | Reached skill level 1 in Shields
 16683 | Orc:2    | Found Bikyxtoi's Assorted Antiques.
 16691 | Orc:2    | Bought a scroll of identify for 70 gold pieces
 16691 | Orc:2    | Bought an orange potion for 31 gold pieces
 16691 | Orc:2    | Bought a potion of curing for 105 gold pieces
 16928 | Orc:2    | Found Piaw's Antique Armour Shop.
 17127 | Orc:2    | Noticed Saint Roka
 17159 | Orc:2    | Killed Saint Roka
 17160 | Orc:2    | Reached skill level 10 in Evocations
 17232 | Orc:2    | Found Jeadile's Antique Armour Shoppe.
 17234 | Orc:2    | Found Jatsacvy's Antique Weapon Emporium.
 17241 | Orc:2    | Bought a twisted trident for 161 gold pieces
 17241 | Orc:2    | Identified the +4 trident of Kismet {flame, +Blink rElec}
                  | (You bought it in a shop on level 2 of the Orcish Mines)
 17829 | D:5      | Bought a condenser vane for 440 gold pieces
 18036 | Lair:5   | Entered Level 5 of the Lair of Beasts
 18369 | Lair:4   | Reached skill level 5 in Shields
 18464 | Lair:5   | Noticed Sonja
 18469 | Lair:5   | Noticed Nessos
 18519 | Lair:5   | Killed Nessos
 18527 | Lair:5   | Killed Sonja
 19190 | Lair:5   | Found a staircase to the Slime Pits.
 19609 | Lair:5   | Reached XP level 15. HP: 114/129 MP: 16/16
 20271 | D:11     | Killed Josephine
 20464 | Temple   | Entered the Ecumenical Temple
 20475 | Temple   | Fell from the grace of Ignis
 20475 | Temple   | Became a worshipper of Warmaster Okawaru
 20708 | D:11     | Learned a level 1 spell: Apportation
 20713 | D:11     | Learned a level 4 spell: Manifold Assault
 20945 | D:11     | Learned a level 3 spell: Swiftness
 21024 | D:11     | Found Eddoalis's Antique Weapon Shoppe.
 21300 | D:12     | Reached * piety under Okawaru
 21839 | D:13     | Reached skill level 1 in Invocations
 21892 | D:13     | Acquired 1145 gold pieces
 21893 | D:13     | Acquired the +0 cloak "Kyigh" {rElec rF+ rCorr Str+5
                  | Stlth+}
 21910 | D:13     | Acquired the ring of Uskayaw's Displeasure {rC+ Will+ Int+2
                  | Dex+2}
 21937 | D:13     | Learned a level 2 spell: Blink
 22065 | D:13     | Noticed Azrael
 22097 | D:13     | Killed Azrael
 22466 | D:14     | Noticed Louise
 22488 | D:14     | Killed Louise
 22488 | D:14     | Reached ** piety under Okawaru
 22530 | D:14     | Gained mutation: You have an extremely huge brain. (Int +4)
                  | [demonic ancestry]
 22530 | D:14     | Reached XP level 16. HP: 136/136 MP: 17/22
 22931 | D:14     | Noticed Frances
 22937 | D:14     | Gained mutation: You sometimes lose your temper in combat.
                  | [a neqoxec]
 22950 | D:14     | Killed Frances
 23006 | D:14     | You fall into a shaft and drop 1 floor!
 23006 | D:15     | Entered Level 15 of the Dungeon
 23006 | D:15     | Found a burning altar of Makhleb.
 23116 | D:15     | Lost mutation: You sometimes lose your temper in combat.
                  | [potion of mutation]
 23116 | D:15     | Gained mutation: You are weak. (Str -2) [potion of
                  | mutation]
 23116 | D:15     | Gained mutation: Your mind is acute. (Int +4, Str/Dex -1)
                  | [potion of mutation]
 23116 | D:15     | Gained mutation: You possess an exceptional clarity of
                  | mind. [potion of mutation]
 23256 | D:15     | Reached *** piety under Okawaru
 23298 | D:15     | Found Vopnaah's Overcharged Wands.
 23710 | D:15     | Found a staircase to the Depths.
 23834 | D:15     | Noticed Agnes
 23848 | D:15     | Killed Agnes
 24284 | D:14     | Got the Enchiridion on Misfortune
 24655 | D:14     | Reached **** piety under Okawaru
 24808 | D:14     | Found a gate to the Vaults.
 24857 | D:14     | Reached skill level 10 in Shields
 24949 | D:14     | You fall into a shaft and drop 1 floor!
 24986 | D:15     | Was forgiven by Ignis
 25237 | Spider:1 | Entered Level 1 of the Spider Nest
 25297 | Lair:2   | Reached XP level 17. HP: 73/142 MP: 23/23
 25863 | Spider:1 | Reached ***** piety under Okawaru
 26058 | Spider:1 | Reached skill level 15 in Armour
 27330 | Spider:1 | Received a gift from Okawaru
 27807 | Spider:2 | Found a runed translucent gate.
 27808 | Spider:2 | Found a runed translucent gate.
 27808 | Spider:2 | Found a runed translucent gate.
 27809 | Spider:2 | Noticed Livid's ghost (journeyman FeSh)
 27809 | Spider:2 | Noticed sokol815's ghost (adept OpGl)
 27809 | Spider:2 | Noticed jasper's ghost (adept AtAl)
 27891 | Spider:2 | Killed sokol815's ghost
 27941 | Spider:2 | Killed jasper's ghost
 27950 | Spider:2 | HP: 4/142 [Livid's ghost (21)]
 27994 | Spider:2 | HP: 5/142 [Livid's ghost (27)]
 27995 | Spider:2 | Annihilated by Livid's ghost

Illustrated notes

Levels and vault maps discovered:
D:1:      orjb1_lava_funnel, layout_basic, st_stairs_8,
          chequers_decorated_corner, minmay_hexomino_r4
D:2:      layout_rooms, interstate_on_off
D:3:      layout_basic, zin_academy, hellmonk_ecumenical_altar_defaced_shrine,
          gup_sewer_entry_glass, reono_crystal_passage, st_stairs_11,
          chequers_serial_rivers_micro_a
D:4:      layout_basic, mainiacjoe_overflow_paths, nemelex_altar_shiori,
          fedhas_altar_decomposition
D:5:      layout_layer_cave, nicolae_yredelemnul_corpse_copse,
          nicolae_shop_distant_corner_stores, st_stairs_9
D:6:      layout_rooms, nicolae_hepliaklqana_hazy_memory, slow_altar_2,
          minmay_temple_entry_nine_rooms, uniq_eustachio, uniq_prince_ribbit1
D:7:      layout_basic, lemuel_tele_altar, ebering_ghost_rock_garden,
          uniq_crazy_yiuf_cottage
D:8:      layout_loops_ring, lemuel_doored_altar, due_lair_maze_entry_diamond,
          uniq_erica
D:9:      layout_cave_pools, kennysheep_vampire_church, vehumet_altar_wand_db,
          gammafunk_ghost_smash, uniq_gastronok
D:10:     layout_gridville, mainiacjoe_overflow_brackets, david_orc_2,
          enter_bailey_5
D:11:     layout_cave_pools, serial_column_ruins, column_ruins_open_medium,
          column_ruins_open_small, column_ruins_grid_3, column_ruins_columns_T,
          column_ruins_grid_1, serial_shops, kennysheep_mini, uniq_josephine
D:12:     layout_loops_ring
D:13:     layout_small_grid, uniq_azrael
D:14:     layout_roguey, grunt_vaults_entry_tiered, uniq_frances, uniq_louise
D:15:     hangedman_depths_entry_try_elsewhere_first, layout_stronghold,
          hangedman_decor_cross_pass, nicolae_shop_overcharged_wands, uniq_agnes
Temple:   eino_wide_crystal_templ
Lair:1:   layout_cave_pods, serial_bayou_shore_b, grunt_megastairs_2
Lair:2:   layout_gridlike, mainiacjoe_shoals_entry_four_pools,
          hellmonk_spider_entry_life_and_decay, portal_ice_cave_entry_pillars_1,
          minmay_lair_oklob_bushes
Lair:3:   layout_roguey, serial_bayou_shore_b, serial_bayou_shore_b,
          grunt_megastairs_4, lemuel_fruit_fields, infiniplex_staircase_pool_2
Lair:4:   layout_long_grid, patterned_corridor
Lair:5:   hangedman_lair_in_review, layout_layer_cave, slime_entry_1,
          st_stairs_12, uniq_nessos, uniq_sonja
Spider:1: layout_cave_pods
Spider:2: layout_spider_delve, gammafunk_ghost_cemetery, guppyfry_spider_mini_3
Orc:1:    layout_diamond_mine, uniq_maurice, uniq_nergalle
Orc:2:    grunt_orc_community_town_hall, layout_caves,
          grunt_orc_community_big_house_1, grunt_orc_community_big_house_1,
          grunt_orc_community_house_2, grunt_orc_community_house_2,
          grunt_orc_community_house_3, grunt_orc_community_house_1,
          grunt_orc_community_house_3, serial_shops,
          nicolae_shop_competitors_out_of_business, gauntlet_entry_generic

Skill      XL: |  1  2  3  4  5  6  7  8  9 10 11 12 13 14 15 16 17 |
---------------+----------------------------------------------------+-----
Polearms       | 3 4 5 6 7 9 10 11 14 | 14.0
Armour         | 2 4 6 7 9 10 12 13 14 15 | 15.0
Fighting       | 4 5 7 10 12 14 15 | 15.2
Evocations     | 4 7 9 10 | 10.0
Shields        | 6 8 10 12 | 12.8
Invocations    | 8 |  8.1
Spellcasting   | |  1.0
Fire Magic     | |  2.6

Action                     |  1- 3 |  4- 6 |  7- 9 | 10-12 | 13-15 | 16-18 || total
---------------------------+-------+-------+-------+-------+-------+-------++-------
  Melee: Spear             |   104 |       |       |       |       |       ||   104
         Punch             |     3 |       |       |       |     2 |       ||     5
         Halberd           |    39 |   324 |   426 |   966 |   580 |       ||  2335
         Trident           |       |       |       |       |  1179 |  1607 ||  2786
  Throw: Stone             |     3 |       |     2 |     2 |     5 |       ||    12
         Boomerang         |       |       |       |       |    28 |    24 ||    52
         Dart              |       |       |       |       |     2 |       ||     2
 Invoke: Fiery Armour      |     1 |     4 |     4 |       |     1 |       ||    10
         Rising Flame      |       |       |       |     1 |       |       ||     1
         Heroism           |       |       |       |       |     1 |     3 ||     4
         Finesse           |       |       |       |       |       |     1 ||     1
Ability: Evoke Blink       |       |       |       |       |     1 |       ||     1
  Evoke: Wand              |       |       |       |     5 |     5 |       ||    10
         Lightning rod     |       |       |       |       |     2 |     8 ||    10
         Condenser vane    |       |       |       |       |     1 |       ||     1
    Use: Scroll            |     5 |     1 |    12 |     6 |    12 |     2 ||    38
         Potion            |       |       |       |       |     6 |     5 ||    11
   Stab: Sleeping          |     1 |       |       |       |       |       ||     1
         Invisible         |       |       |       |     1 |     2 |       ||     3
         Paralysed         |       |       |       |       |    12 |       ||    12
 Armour: Ring mail         |   108 |   205 |       |       |       |       ||   313
         Chain mail        |       |    99 |   369 |    77 |       |       ||   545
         Plate armour      |       |       |       |   656 |  1491 |   952 ||  3099
  Dodge: Dodged            |    80 |   183 |   116 |   489 |   718 |   443 ||  2029
  Block: Other             |       |    31 |    63 |   118 |    90 |       ||   302
         Tower shield      |       |       |       |       |  1019 |  1785 ||  2804

Table legend: (Time is in decaauts)
 A = Elapsed time spent in this place.
 B = Non-inter-level travel time spent in this place.
 C = Inter-level travel time spent in this place.
 D = Time resting spent in this place.
 E = Time spent auto-exploring this place.
 F = Levels seen in this place.
 G = Mean time per level.
                   A        B        C        D        E       F      G
               +--------+--------+--------+--------+--------+-----+--------+
         Total |  27651 |  25615 |   2036 |   1622 |  15074 |  28 |  987.5 |
       Dungeon |  14700 |  13550 |   1150 |   1150 |   8544 |  15 |  980.0 |
        Temple |     22 |      2 |     20 |      0 |      0 |   1 |   22.0 |
          Lair |   6579 |   6011 |    568 |    174 |   3721 |   5 | 1315.8 |
   Spider Nest |   2470 |   2375 |     95 |    222 |    832 |   2 | 1235.0 |
  Orcish Mines |   2090 |   1889 |    201 |     65 |    956 |   2 | 1045.0 |
         Sewer |   1116 |   1116 |      0 |      0 |    680 |   1 | 1116.0 |
        Bailey |    281 |    281 |      0 |      0 |    183 |   1 |  281.0 |
      Gauntlet |    390 |    390 |      0 |     10 |    157 |   1 |  390.0 |
               +--------+--------+--------+--------+--------+-----+--------+

Top non-repeatable levels by time:
Spider:1: 1755 daAuts
  Lair:5: 1745 daAuts
  Lair:2: 1513 daAuts
   Orc:2: 1482 daAuts
     D:8: 1311 daAuts
    D:14: 1305 daAuts
    D:15: 1215 daAuts
  Lair:3: 1154 daAuts
     D:4: 1145 daAuts
   Sewer: 1116 daAuts
  Lair:4: 1113 daAuts
    D:10: 1109 daAuts
     D:5: 1103 daAuts
     D:7: 1084 daAuts
     D:6: 1063 daAuts
